AoeStats
← Carple

Arena

506786863Analyzed
1v1 RM · 18d ago on Sep 15, 2026· 83m 18s· 2 players
Game mode
Random Map
Map size
Tiny (2 player)
Population
200
Speed
Normal
Resources
Standard
Victory
Conquest
Starting age
Dark Age
Ending age
Imperial Age
RankedLock teamsTeams togetherTeam positionsShared explorationLock speedFull tech treeHidden civsTurbo modeCheats
Victory
Defeat
🇨🇦 Spanish · Canada
1252
+18
🇺🇸 Teutons · United States
1287
-18
Carple
5:53 Loom
9:48 Feudal Age
21:17 Castle Age
19:54 Double-Bit Axe
20:47 Forging
21:15 Horse Collar
23:04 Husbandry
23:03 Fletching
23:44 Bodkin Arrow
24:52 Bloodlines
31:42 Scale Barding Armor
40:08 Imperial Age
38:41 Wheelbarrow
38:01 Gold Mining
38:50 Light Cavalry
40:02 Chain Barding Armor
40:18 Iron Casting
40:14 Scale Mail Armor
40:57 Bow Saw
40:51 Town Watch
42:40 Squires
43:09 Cavalier
43:12 Pikeman
44:51 Conscription
45:20 Halberdier
47:03 Blast Furnace
47:37 Chain Mail Armor
48:13 Arson
48:14 Gambesons
49:59 Hussar
51:12 Plate Mail Armor
52:59 Hand Cart
53:56 Plate Barding Armor
57:28 Heavy Plow
59:44 Two-Man Saw
59:01 Padded Archer Armor
58:30 Man-at-Arms
60:19 Elite Skirmisher
66:16 Chemistry
65:37 Ballistics
65:27 Bracer
65:43 Leather Archer Armor
69:51 Ring Archer Armor
73:23 Elite Conquistador
79:14 Paladin
82:43 Town Patrol
smittens
6:30 Loom
9:38 Feudal Age
10:16 Double-Bit Axe
17:34 Fletching
18:16 Man-at-Arms
24:04 Castle Age
23:30 Scale Barding Armor
23:37 Forging
23:46 Bloodlines
24:14 Padded Archer Armor
27:24 Bow Saw
30:00 Elite Skirmisher
34:02 Wheelbarrow
34:31 Leather Archer Armor
41:16 Imperial Age
40:04 Ballistics
40:43 Hand Cart
40:53 Bodkin Arrow
41:07 Pikeman
42:20 Conscription
43:20 Chemistry
43:37 Conscription
43:34 Cavalier
45:48 Ring Archer Armor
48:00 Chain Barding Armor
48:07 Guilds
47:47 Halberdier
49:53 Conscription
51:35 Squires
52:12 Scale Mail Armor
53:59 Masonry
57:12 Crenellations
58:04 Chain Mail Armor
59:06 Ironclad
59:30 Fortified Wall
67:33 Iron Casting
71:40 Blast Furnace
82:29 Plate Mail Armor
Connection lost

Rejoining the realm…

Still unreachable

The connection could not be restored.

Session expired

The server has moved on; the page needs a fresh start.